 Dungeon Crawl Stone Soup version 0.21-a0-414-gba8bdf1 (webtiles) character file.

1183 qqqbard the Digger (level 8, -4/41 HPs)
             Began as a Gargoyle Earth Elementalist on Nov 1, 2017.
             Was an Initiate of Vehumet.
             Slain by an ogre
             ... wielding a +0 giant club
              (22 damage)
             ... on level 6 of the Dungeon on Nov 2, 2017.
             The game lasted 00:16:39 (6493 turns).

qqqbard the Digger (Gargoyle Earth Elementalist)    Turns: 6493, Time: 00:16:40

Health: -4/41      AC:  7    Str: 12    XL:     8   Next: 42%
Magic:  17/17      EV: 15    Int: 18    God:    Vehumet [......]
Gold:   232        SH:  0    Dex: 10    Spells: 14/20 levels left

rFire    . . .     SeeInvis .   h - +0 dagger (venom)
rCold    . . .     Gourm    .   (no shield)
rNeg     + . .     Faith    .   c - +0 robe
rPois    ∞         Spirit   .   (no helmet)
rElec    +         Reflect  .   (no cloak)
rCorr    .         Harm     .   (no gloves)
MR       .....                  (no boots)
Stlth    ++........             (no amulet)
HPRegen  0.13/turn              a - ring of wizardry
MPRegen  0.15/turn              D - +3 ring of evasion

@: no status effects
A: negative energy resistance 1, electricity resistance, unbreathing,
petrification resistance, rot immunity, AC +5
a: Renounce Religion


You were on level 6 of the Dungeon.
You worshipped Vehumet.
Vehumet was noncommittal.
You were hungry.

You visited 2 branches of the dungeon, and saw 7 of its levels.
You also visited: Sewer.

You collected 232 gold pieces.

Inventory:

Hand Weapons
 h - a +0 dagger of venom (weapon)
Missiles
 b - 153 stones (quivered)
Armour
 c - a +0 robe (worn)
Jewellery
 a - a ring of wizardry (left hand)
 D - a +3 ring of evasion (right hand)
Wands
 q - a wand of polymorph (14/24)
Scrolls
 f - 8 scrolls of identify
 g - 2 scrolls of amnesia {unknown}
 i - a scroll of enchant weapon {unknown}
 j - a scroll of noise {unknown}
 l - a scroll of magic mapping
 n - 2 scrolls of random uselessness {unknown}
 o - 5 scrolls of remove curse
 u - a scroll of fog {unknown}
 v - a scroll of enchant armour {unknown}
 B - a scroll of teleportation
Potions
 k - 3 potions of flight {unknown}
 m - 4 potions of mutation
 p - a potion of brilliance {unknown}
 r - 2 potions of heal wounds {unknown}
 s - 2 potions of lignification {unknown}
 t - a potion of haste {unknown}
 x - a potion of curing {unknown}
 z - a potion of cancellation {unknown}
 A - a potion of degeneration {unknown}
Books
 e - a book of Geomancy

   Spells                             Type                      Level
   a - Sandblast                      Earth                        1
   b - Passwall                       Transmutation/Earth          2
   c - Stone Arrow                    Conjuration/Earth            3
   d - Petrify                        Transmutation/Earth          4
   e - Lee's Rapid Deconstruction     Earth                        5
 w - a book of Misfortune

   Spells                             Type                      Level
   a - Confusing Touch                Hexes                        1
   b - Confuse                        Hexes                        3
   c - Gell's Gravitas                Translocation                3
   d - Petrify                        Transmutation/Earth          4
   e - Metabolic Englaciation         Hexes/Ice                    5
   f - Yara's Violent Unravelling     Hexes/Transmutation          5
 y - a book of Minor Magic

   Spells                             Type                      Level
   a - Magic Dart                     Conjuration                  1
   b - Blink                          Translocation                2
   c - Call Imp                       Summoning                    2
   d - Slow                           Hexes                        2
   e - Conjure Flame                  Conjuration/Fire             3
   f - Mephitic Cloud                 Conjuration/Poison/Air       3
Comestibles
 d - 4 bread rations
 C - a royal jelly


   Skills:
 - Level 1.5 Dodging
 - Level 2.1 Stealth
 * Level 6.5 Spellcasting
 + Level 4.6 Conjurations
 + Level 2.0 Translocations
   Level 0.7 Transmutations
 + Level 6.7 Earth Magic


You had 14 spell levels left.
You knew the following spells:

 Your Spells              Type           Power        Failure   Level  Hunger
a - Sandblast             Erth           ####..       1%          1    None
b - Stone Arrow           Conj/Erth      ####..       1%          3    ##.....
c - Blink                 Tloc           N/A          3%          2    None


Dungeon Overview and Level Annotations

Branches:
Dungeon (6/15)             Temple (1/1) D:5

Altars:
Ashenzari
Cheibriados
Dithmenos
Elyvilon
Fedhas
Gozag
Hepliaklqana
Kikubaaqudgha
Makhleb
Nemelex Xobeh
Okawaru
Qazlal
Ru
Sif Muna
Trog
Uskayaw
Vehumet
Wu Jian
Xom
Yredelemnul
Zin
The Shining One

Annotations:
D:6 senyk's ghost, novice NaMo


Innate Abilities, Weirdness & Mutations

You are resistant to torment.
Your stone body is resilient. (AC +5)
You are immune to poison.
You resist negative energy. (rN+)
You are resistant to electric shocks. (rElec)
You can survive without breathing.
You are immune to petrification.
You are immune to rotting.


Message History

There is a stone staircase leading down here.
You start resting.
All of the chunks of flesh in your inventory have rotted away.
You are feeling hungry.
You start resting.
Magic restored.
You start resting.
HP restored.
You climb downwards.
Level annotation: senyk's ghost, novice NaMo The phantom barely misses you.
The ogre hits you with a giant club!!
Ouch! That really hurt!
Senyk's ghost completely misses you.
The phantom blinks!
There is a stone staircase leading up here.
The phantom blinks!
You hit the phantom.
The phantom is lightly damaged.
The ogre hits you with a giant club!!
Ouch! That really hurt!
You die...

#......#
##.#####
#.#
###<#####
##.......#
#........#
#..#.###W#
#....# #O#
#....# #@#
.......
#W#
##.....
..# #....
...# #####


You could see a phantom, an ogre and senyk's ghost.

Vanquished Creatures
  The ghost of dog the Cudgeler, a novice MiBe of Trog (D:5)
  A phantom (Temple)
  An ogre (D:4)
  A crocodile (Sewer)
  A scorpion (D:4)
  A crimson imp (D:6)
  A centaur zombie (D:5)
  A hound (D:4)
  An orc priest (D:5)
  A centaur skeleton (D:4)
  2 iguanas (D:4)
  4 worker ants
  3 orc wizards (D:5)
  A hound skeleton (D:4)
  4 adders
  A howler monkey skeleton (D:4)
  A shadow imp (D:5)
  3 worms
  2 dart slugs (D:4)
  4 leopard geckos (D:5)
  16 orcs
  2 ball pythons
  11 giant cockroaches
  6 goblins
  6 hobgoblins
  6 jackals
  7 bats
  3 frilled lizards
  8 kobolds
  A quokka zombie (D:6)
  9 rats
110 creatures vanquished.

Notes
Turn   | Place    | Note
-------+----------+-------------------------------------------
     0 | D:1      | qqqbard the Gargoyle Earth Elementalist began the quest for the Orb.
     0 | D:1      | Reached XP level 1. HP: 10/10 MP: 3/3
   414 | D:1      | Reached XP level 2. HP: 15/15 MP: 3/5
  1095 | D:2      | Reached XP level 3. HP: 10/19 MP: 4/7
  1101 | D:2      | Learned a level 3 spell: Stone Arrow
  2125 | D:3      | Reached skill level 1 in Conjurations
  2125 | D:3      | Reached XP level 4. HP: 4/24 MP: 0/9
  2967 | D:4      | Reached XP level 5. HP: 9/28 MP: 0/10
  3479 | D:4      | Noticed an ogre
  3483 | D:4      | Killed an ogre
  3483 | D:4      | Reached skill level 5 in Earth Magic
  3483 | D:4      | Reached XP level 6. HP: 32/32 MP: 6/12
  3719 | D:4      | Found a basalt altar of Yredelemnul.
  4069 | D:4      | Learned a level 2 spell: Blink
  4113 | D:4      | Reached skill level 5 in Spellcasting
  4158 | D:4      | Reached XP level 7. HP: 36/36 MP: 7/14
  4234 | D:5      | Entered Level 5 of the Dungeon
  4392 | D:5      | Found a staircase to the Ecumenical Temple.
  4401 | Temple   | Entered the Ecumenical Temple
  4501 | Temple   | Became a worshipper of Vehumet
  4585 | D:5      | Found a glowing drain.
  4602 | Sewer    | Entered a sewer
  4763 | Sewer    | Upgraded the game from 0.21-a0-405-gf2af9a1 to 0.21-a0-414-gba8bdf1
  4932 | D:5      | Noticed dog's ghost (novice MiBe)
  5285 | D:5      | HP: 1/36 [dog's ghost (9)]
  5291 | D:5      | Killed dog's ghost
  5291 | D:5      | Reached skill level 1 in Translocations
  5291 | D:5      | Reached XP level 8. HP: 2/41 MP: 0/17
  6050 | D:5      | Found a snail-covered altar of Cheibriados.
  6215 | D:6      | Noticed senyk's ghost (novice NaMo)
  6493 | D:6      | Slain by an ogre

Vault maps used:
D:1:      minmay_arrival_wavy_path
D:4:      kennysheep_six_static_rooms, yredelemnul_altar_generic
D:5:      slow_altar_2, minmay_temple_entry_junction_2, portal_sewer_entry_f,
          first_bread, serial_park_tiny_pond
D:6:      kennysheep_steamy, uniq_blork_the_orc
Temple:   kilobyte_greek_temple
Sewer:    sewer_the_crocodile

Skill      XL: |  1  2  3  4  5  6  7  8 |
---------------+-------------------------+-----
Earth Magic    | 4 5 6 |  6.7
Spellcasting   | 3 4 5 6 |  6.5
Conjurations   | 1 2 3 4 |  4.6
Translocations | 1 2 |  2.0
Dodging        | |  1.5
Stealth        | |  2.1
Transmutations | |  0.7

Action                   |  1- 3 |  4- 6 |  7- 9 || total
-------------------------+-------+-------+-------++-------
Melee: Unarmed           |   129 |       |       ||   129
       Dagger            |       |    65 |    56 ||   121
 Cast: Sandblast         |    34 |    22 |    57 ||   113
       Stone Arrow       |    12 |    16 |    33 ||    61
       Blink             |       |       |     2 ||     2
  Use: Scroll            |     1 |       |     4 ||     5
       Potion            |       |       |     3 ||     3
 Stab: Sleeping          |     1 |     1 |       ||     2
  Eat: Chunk             |     5 |     8 |     3 ||    16
       Meat ration       |       |       |     1 ||     1
Armor: Robe              |    68 |    17 |    26 ||   111
Dodge: Dodged            |   142 |    52 |    72 ||   266

Table legend:
 A = Spawn XP
 B = Non-spawn XP
 C = Spawn XP percentage of total XP
 D = Spawn monster count
 E = Non-spawn monster count
 F = Spawn count percentage of total count
 G = Total turns spent on level
                    A         B        C        D         E        F      G
               +---------+---------+-------+---------+---------+-------+---------
         Total |       0 |    1690 |   0.0 |       0 |     110 |   0.0 |  6493
               +---------+---------+-------+---------+---------+-------+---------
           D:1 |       0 |      26 |   0.0 |       0 |      17 |   0.0 |  1046
           D:2 |       0 |      31 |   0.0 |       0 |      17 |   0.0 |   831
           D:3 |       0 |      71 |   0.0 |       0 |      17 |   0.0 |  1008
           D:4 |       0 |     498 |   0.0 |       0 |      21 |   0.0 |  1349
           D:5 |       0 |     780 |   0.0 |       0 |      29 |   0.0 |  1754
           D:6 |       0 |      51 |   0.0 |       0 |       2 |   0.0 |    76
        Temple |       0 |     124 |   0.0 |       0 |       1 |   0.0 |   238
         Sewer |       0 |     109 |   0.0 |       0 |       6 |   0.0 |   191
               +---------+---------+-------+---------+---------+-------+---------
